Map: Vaani Research Station (Void)

Players

ShoWTimE - Winner!

  • Race: Protoss Protoss
  • Spawn Location: 12:00

Chammy (Cham)

  • Race: Zerg Zerg
  • League: Grandmaster
  • Spawn Location: 6:00

Event: NationWars IV

VOD

Have the link to the VOD?

Description

Time

  • Played on: Jan. 7, 2017, 3:55 p.m.
  • Length: 14:49
Show
View Real Time Build Order
Export as new Build Order

ShoWTimE Protoss - Winner!

Build Orders: 1 Gate Expand, Zealot Archon, Dark Templar Rush 

Get SALT Encoding   

  12  0:00  Probe (Chrono Boost)  
  13  0:11  Probe (Chrono Boost)  
  14  0:18  Pylon  
  14  0:22  Probe (Chrono Boost)  
  15  0:36  Probe (Chrono Boost)  
  15  0:38  Gateway  
  16  0:44  Assimilator  
  16  0:47  Probe (Chrono Boost)  
  17  0:58  Probe (Chrono Boost)  
  18  1:08  Probe (Chrono Boost)  
  19  1:24  Nexus  
  19  1:26  Probe (Chrono Boost)  
  20  1:36  Cybernetics Core  
  20  1:39  Probe (Chrono Boost)  
  21  1:44  Assimilator  
  21  1:49  Probe (Chrono Boost)  
  22  1:54  Pylon  
  22  2:00  Probe (Chrono Boost)  
  23  2:09  Adept  
  23  2:13  Warp Gate  
  23  2:14  Probe (Chrono Boost)  
  26  2:26  Probe (Chrono Boost)  
  26  2:28  Twilight Council  
  28  2:37  Probe x2 (Chrono Boost)  
  29  2:48  Probe x2 (Chrono Boost)  
  29  2:50  Robotics Facility  
  32  2:58  Probe x2 (Chrono Boost)  
  33  3:11  Probe (Chrono Boost)  
  33  3:12  Dark Shrine, Probe (Chrono Boost)  
  35  3:21  Probe (Chrono Boost)  
  35  3:23  Probe (Chrono Boost)  
  35  3:25  Gateway  
  37  3:29  Gateway  
  37  3:34  Gateway  
  37  3:36  Probe (Chrono Boost)  
  37  3:37  Probe (Chrono Boost)  
  37  3:39  Warp Prism  
  41  3:51  Probe (Chrono Boost)  
  41  3:52  Mothership Core (Chrono Boost)  
  44  3:56  Pylon  
  44  4:02  Probe (Chrono Boost)  
  45  4:05  Pylon, Assimilator x2  
  45  4:12  Probe (Chrono Boost)  
  45  4:14  Probe (Chrono Boost)  
  45  4:15  Zealot  
  49  4:23  Pylon  
  49  4:24  Probe x2 (Chrono Boost)  
  51  4:36  Probe (Chrono Boost)  
  52  4:39  Dark Templar x3  
  52  4:42  Probe (Chrono Boost)  
  52  4:44  Archon  
  52  4:45  Dark Templar  
  61  4:49  Archon  
  61  4:50  Probe (Chrono Boost)  
  61  4:51  Pylon  
  61  4:52  Probe (Chrono Boost), Observer  
  64  5:02  Nexus  
  64  5:06  Probe x2 (Chrono Boost)  
  66  5:16  Immortal  
  66  5:18  Probe (Chrono Boost)  
  71  5:22  Probe (Chrono Boost), Pylon  
  72  5:29  Forge  
  72  5:30  Probe (Chrono Boost)  
  72  5:32  Probe (Chrono Boost)  
  74  5:42  Probe (Chrono Boost), Gateway  
  75  5:43  Probe (Chrono Boost), Sentry  
  75  5:44  Gateway, Sentry  
  75  5:47  Blink, Pylon  
  80  5:51  Sentry x2  
  80  5:53  Probe (Chrono Boost)  
  80  5:54  Probe (Chrono Boost)  
  86  5:57  Protoss Ground Weapons Level 1  
  86  6:04  Immortal  
  91  6:12  Probe (Chrono Boost)  
  91  6:13  Probe (Chrono Boost)  
  91  6:14  Probe (Chrono Boost)  
  93  6:24  Probe (Chrono Boost)  
  93  6:25  Probe (Chrono Boost)  
  96  6:26  Probe (Chrono Boost), Pylon  
  96  6:30  Gateway  
  96  6:32  Gateway  
  96  6:36  Assimilator  
  96  6:37  Probe x2 (Chrono Boost)  
  96  6:38  Probe (Chrono Boost), Assimilator  
  99  6:41  Photon Cannon  
  99  6:48  Stalker x3  
  105  7:00  Photon Cannon, Immortal  
  105  7:01  Pylon  
  105  7:02  Stalker  
  111  7:12  Pylon  
  111  7:13  Pylon  
  111  7:16  Stalker x2  
  111  7:18  Stalker  
  115  7:22  Stalker  
  115  7:23  Probe x3 (Chrono Boost)  
  117  7:32  Stalker x3  
  117  7:36  Photon Cannon  
  123  7:38  Protoss Ground Weapons Level 2, Immortal, Pylon  
  127  7:47  Sentry x2  
  131  7:51  Probe x2 (Chrono Boost)  
  131  7:53  Probe (Chrono Boost)  
  131  7:56  Pylon  
  131  8:02  Stalker x2  
  135  8:06  Stalker x2  
  139  8:15  Photon Cannon  
  139  8:16  Stalker  
  139  8:17  Stalker  
  143  8:20  Immortal  
  147  8:30  Pylon  
  147  8:33  Pylon  
  147  8:34  Stalker  
  147  8:35  Stalker  
  151  8:41  Probe x2 (Chrono Boost)  
  151  8:42  Probe (Chrono Boost)  
  151  8:44  Zealot x2  
  151  8:46  Charge  
  155  8:51  Pylon  
  154  9:02  Zealot x2, Sentry x2  
  158  9:03  Zealot  
  154  9:12  Stalker x2  
  154  9:13  Stalker  
  134  9:27  Dark Templar x3  
  134  9:28  Dark Templar  
  142  9:32  Archon x2  
  142  9:44  Nexus  
  141  9:46  Pylon  
  141  9:54  Dark Templar  
  141  9:55  Dark Templar x3  
  141  9:56  Immortal  
  149  10:00  Archon x2  
  118  10:22  Stalker x2  
  118  10:23  Stalker x2  
  122  10:30  Immortal  
  122  10:32  Stalker x4  
  134  10:44  Protoss Shields Level 1  
  134  10:48  Zealot  
  134  10:49  Zealot x3  
  142  10:54  Templar Archives  
  142  11:03  Photon Cannon  
  142  11:05  Zealot x4, Pylon  
  148  11:14  Immortal  
  148  11:17  Stalker x3  
  112  11:34  Zealot x5  
  117  11:42  Nexus  
  117  11:45  Pylon  
  109  11:59  Immortal  
  109  12:02  Zealot x4  
  109  12:03  Zealot x4  
  115  12:24  High Templar x5  
  115  12:25  High Templar  
  123  12:34  Immortal, Archon x2  
  123  12:35  Archon, Zealot, High Templar  
  121  12:58  High Templar  
  121  12:59  Zealot x6  
  135  13:09  Pylon  
  135  13:10  Immortal, Pylon  
  135  13:11  Pylon  
  135  13:12  Archon  
  135  13:14  Zealot  
  139  13:28  Stalker x4  
  139  13:29  Stalker  
  147  13:36  High Templar  
  147  13:37  Zealot, High Templar  
  153  13:42  Archon  
  151  13:51  Immortal  
  151  13:54  Zealot, High Templar x2  
  151  13:55  Zealot x2  
  151  13:59  Archon  
  151  14:02  Zealot  
  157  14:11  Stalker x2  
  161  14:19  Stalker  
  161  14:20  Stalker x2  
  157  14:24  Zealot  
  133  14:46  Zealot x8  
Show
View Real Time Build Order
Export as new Build Order

Chammy Zerg 

Build Orders: Hatch First, Muta Ling Bane 

Get SALT Encoding   

  12  0:00  Drone  
  13  0:09  Drone  
  14  0:18  Overlord  
  14  0:36  Drone x3  
  17  0:53  Hatchery  
  17  0:56  Drone  
  17  0:59  Drone  
  18  1:11  Extractor  
  17  1:14  Spawning Pool  
  17  1:17  Drone  
  17  1:21  Drone  
  18  1:31  Drone  
  19  1:42  Drone  
  20  1:59  Hatchery  
  20  2:01  Queen  
  19  2:05  Drone x2  
  23  2:09  Drone  
  23  2:15  Overlord  
  24  2:22  Drone  
  25  2:25  Drone  
  25  2:29  Queen  
  28  2:37  Queen  
  28  2:40  Zergling x2  
  28  2:42  Zergling x2  
  28  2:44  Zergling x2  
  33  2:51  Overlord, Drone  
  34  2:56  Drone  
  35  3:01  Drone  
  36  3:10  Drone x3  
  39  3:13  Drone x3  
  42  3:22  Overlord  
  42  3:23  Drone  
  42  3:24  Drone  
  44  3:29  Roach Warren  
  44  3:31  Drone  
  44  3:34  Overlord  
  44  3:35  Drone  
  45  3:42  Drone x2  
  45  3:43  Lair  
  45  3:46  Spore Crawler, Drone  
  48  3:48  Drone  
  48  3:49  Drone  
  48  3:50  Drone  
  48  3:52  Drone  
  48  3:53  Drone  
  52  3:57  Spore Crawler  
  52  4:00  Spore Crawler  
  52  4:01  Drone  
  51  4:05  Extractor  
  51  4:07  Drone x2  
  51  4:09  Roach  
  54  4:10  Roach  
  54  4:12  Roach  
  58  4:18  Roach x2  
  58  4:19  Roach  
  58  4:22  Drone x2  
  66  4:26  Overlord  
  66  4:27  Overlord  
  66  4:33  Overlord  
  66  4:37  Extractor, Drone  
  66  4:43  Overlord  
  66  4:44  Drone  
  66  4:45  Drone x6  
  73  4:52  Overlord  
  73  4:57  Drone x3  
  73  4:58  Drone  
  77  5:00  Spire  
  77  5:02  Extractor  
  77  5:04  Overlord  
  77  5:05  Zergling x2, Roach  
  75  5:17  Drone x2  
  75  5:20  Drone x3, Metabolic Boost  
  79  5:21  Overlord  
  79  5:24  Drone x2  
  79  5:25  Drone x2  
  79  5:26  Drone  
  84  5:30  Overlord  
  84  5:31  Drone  
  84  5:32  Extractor, Drone x2  
  84  5:34  Drone x2  
  84  5:35  Extractor  
  87  5:36  Glial Reconstitution  
  87  5:40  Overlord  
  87  5:43  Roach x2  
  87  5:45  Roach  
  87  5:48  Overlord  
  95  5:50  Roach  
  95  5:59  Roach  
  95  6:01  Overlord  
  97  6:04  Drone, Hatchery  
  97  6:07  Overlord  
  97  6:09  Zergling x8  
  101  6:13  Mutalisk x2  
  105  6:22  Mutalisk x2  
  105  6:23  Mutalisk x2  
  113  6:26  Queen  
  113  6:31  Baneling Nest, Drone  
  113  6:32  Drone, Evolution Chamber  
  115  6:33  Drone  
  115  6:36  Mutalisk  
  115  6:37  Mutalisk  
  118  6:51  Zergling x6  
  118  6:53  Hatchery  
  119  6:55  Zergling x4  
  119  6:56  Zergling x6  
  119  6:58  Zergling x2  
  125  7:02  Zerg Missile Weapons Level 1  
  125  7:06  Zergling x6  
  125  7:07  Roach x3  
  125  7:08  Ravager  
  135  7:09  Ravager x3  
  135  7:10  Roach  
  135  7:13  Roach  
  135  7:14  Roach  
  144  7:16  Overlord  
  144  7:24  Roach x3  
  144  7:25  Overlord  
  144  7:26  Zergling x4  
  152  7:31  Roach  
  152  7:32  Zergling x4  
  152  7:33  Ravager x3  
  152  7:36  Zergling x8  
  163  7:39  Zergling x2  
  163  7:41  Centrifical Hooks  
  163  7:43  Zergling x6  
  167  7:45  Zergling x4  
  167  7:46  Zergling x2  
  170  7:52  Zergling x6  
  170  7:53  Overlord  
  170  7:54  Zergling x2  
  174  7:58  Overlord  
  174  7:59  Overlord  
  174  8:00  Overlord  
  174  8:04  Overlord  
  174  8:05  Overlord  
  174  8:11  Ravager x2  
  174  8:12  Ravager x4  
  180  8:13  Zergling x4  
  180  8:14  Overlord  
  180  8:18  Zergling x4  
  184  8:22  Zergling x4  
  184  8:23  Zergling x4  
  184  8:24  Zergling x4  
  184  8:26  Zergling x2  
  184  8:27  Zergling x10  
  193  8:29  Zergling x2  
  193  8:30  Zergling x2  
  198  8:38  Zergling x2  
  198  8:39  Zergling x4  
  197  8:42  Zergling x4  
  197  8:43  Baneling x3  
  197  8:44  Baneling x7  
  197  8:45  Zergling x2, Baneling x2  
  200  8:50  Baneling x4  
  200  9:08  Zergling x2  
  200  9:09  Zergling x6  
  175  9:13  Zergling x12  
  175  9:14  Zergling x2  
  152  9:17  Roach x4  
  152  9:18  Roach, Zerg Ground Armor Level 1  
  152  9:19  Zergling x2  
  152  9:21  Zergling x6  
  152  9:23  Roach  
  167  9:24  Ravager  
  167  9:25  Ravager x4  
  167  9:26  Zergling x4  
  167  9:29  Zergling x4  
  176  9:31  Zergling x4  
  176  9:32  Zergling x2  
  176  9:35  Zergling x2  
  176  9:36  Baneling x8  
  180  9:39  Baneling x4  
  180  9:43  Zergling x2  
  180  9:44  Zergling x4  
  183  9:46  Zergling x8  
  183  9:51  Zergling x2  
  183  9:52  Zergling x2  
  189  9:55  Zergling x4  
  189  9:56  Baneling x2  
  189  9:57  Baneling x3  
  192  10:00  Zergling x2  
  192  10:02  Zergling x4  
  177  10:18  Zergling x24  
  177  10:21  Zergling x2  
  168  10:27  Queen  
  171  10:28  Roach  
  171  10:29  Ravager x2  
  171  10:30  Baneling x4  
  171  10:32  Zergling x4  
  171  10:33  Baneling x2  
  171  10:35  Zergling x4, Ravager x2  
  178  10:36  Zergling x2, Baneling x2  
  178  10:37  Zergling x2, Baneling, Overseer  
  178  10:40  Overseer  
  178  10:41  Zergling x2  
  182  10:43  Zergling x4  
  182  10:46  Baneling  
  182  10:47  Baneling x11  
  182  10:48  Roach x2  
  188  10:51  Zergling x2, Roach  
  188  10:56  Zergling x2  
  193  10:57  Zergling x6  
  193  10:58  Baneling  
  193  11:00  Zergling x6  
  193  11:03  Roach  
  158  11:22  Roach x10  
  149  11:27  Roach  
  149  11:32  Roach x3  
  137  11:36  Roach x2  
  137  11:38  Roach  
  122  11:43  Ravager  
  127  11:47  Roach x2  
  127  11:51  Ravager x2  
  127  11:52  Roach  
  129  11:55  Zergling x8  
  129  11:57  Zergling x4  
  129  12:16  Zergling x6  
  129  12:17  Zergling x4  
  130  12:40  Zergling x4  
  130  12:43  Zergling x2  
  133  12:45  Zergling x2  
  133  12:47  Hatchery  
  133  12:50  Zergling x4  
  134  12:55  Hatchery  
  132  13:01  Ravager x2  
  134  13:06  Baneling x5  
  134  13:09  Baneling  
  134  13:18  Zergling x4  
  136  13:21  Zergling x2  
  136  13:22  Zergling x2  
  136  13:24  Zergling x2  
  136  13:32  Baneling x5  
  136  13:34  Zergling x2  
  137  13:44  Zergling x2  
  137  13:45  Zergling x6  
  141  13:51  Ravager x2  
  141  13:53  Zergling x4  
  145  13:58  Ravager  
  145  13:59  Baneling  
  145  14:00  Zergling x4  
  145  14:02  Zergling x2  
  149  14:04  Baneling  
  149  14:09  Zergling x2  
  146  14:18  Zergling x2  
  146  14:23  Zergling x2  
Tags
 
Add a new tag
Caveats
  • Supply blocks, unpowered buildings, or Contaminate may cause inaccurate times.
  • Supply counts are checked every 10 seconds.